 Dungeon Crawl Stone Soup version 0.17-a0-1069-g92ad481 (webtiles) character file.

7039 Gorice the Carver (level 10, -18/85 HPs)
             Began as a Deep Dwarf Wanderer on May 17, 2015.
             Was a High Priest of Makhleb.
             Demolished by an ogre
             ... wielding a +0 giant spiked club
              (26 damage)
             ... on level 10 of the Dungeon.
             The game lasted 01:23:19 (9888 turns).

Gorice the Carver (Deep Dwarf Wanderer)             Turns: 9888, Time: 01:23:20

Health: -18/85     AC: 13    Str: 16    XL:     10   Next: 83%
Magic:  9/9        EV:  9    Int: 13    God:    Makhleb [*****.]
Gold:   111        SH:  0    Dex: 15    Spells: 0 memorised, 9 levels left

rFire  + . .     SeeInvis .     a - +7 Singing Sword
rCold  . . .     Clarity  .     r - +0 fire dragon armour
rNeg   . . .     SustAb   .     (no shield)
rPois  +         Gourm    +     (no helmet)
rElec  .         Spirit   .     G - +1 cloak {rPois}
rCorr  .         Warding  .     (no gloves)
rMut   .         Stasis   .     (no boots)
MR     ++...                    D - amulet of the gourmand
Stlth  +.........               o - ring of protection from magic
                                X - ring of ice

@: non-regenerating, very resistant to hostile enchantments, very unstealthy
A: damage resistance, recharge devices, sense surroundings 2, slow healing 3
a: Device Recharging, Minor Destruction, Lesser Servant of Makhleb, Major
Destruction, Greater Servant of Makhleb, Renounce Religion


You were on level 10 of the Dungeon.
You worshipped Makhleb.
Makhleb was extremely pleased with you.
You were completely stuffed.

You visited 2 branches of the dungeon, and saw 11 of its levels.
You also visited: Bailey.

You collected 626 gold pieces.
You spent 515 gold pieces at shops.

Inventory:

Hand weapons
 a - the +7 Singing Sword (weapon)
   (You found it on level 4 of the Dungeon)
 b - a +2 arbalest
 B - a +0 blowgun
 O - a +0 hand crossbow
Missiles
 l - 57 poisoned needles
 q - 39 bolts
 N - 13 silver bolts
 T - 2 steel tomahawks
 Y - 2 throwing nets
 Z - 353 stones (quivered)
Armour
 r - a +0 fire dragon armour (worn)
 G - a +1 cloak of poison resistance (worn)
   (You bought it in a shop on level 5 of the Dungeon)
 P - a +0 gold dragon armour
 Q - the +1 cloak of the Six of Wands {rCorr}
   (You found it in a bailey)

   It protects you from acid and corrosion.
 W - a +0 plate armour
Jewellery
 d - an uncursed amulet of stasis
 m - an uncursed ring of stealth
 o - a ring of protection from magic (right hand)
 D - an amulet of the gourmand (around neck)
 X - a ring of ice (left hand)
Magical devices
 e - a wand of heal wounds (2) {!d}
 k - a wand of paralysis (11)
 v - a wand of fireball (5)
 y - a wand of flame (4)
 J - a wand of fire (0)
 R - a wand of cold (5)
Scrolls
 t - 2 scrolls of remove curse
 x - a scroll of fog
 A - 2 scrolls of fear {!r}
 E - a scroll of enchant armour
 H - a scroll of immolation {!r}
 M - a scroll of amnesia
Potions
 g - 4 potions of curing
 h - 4 potions of magic {!q}
 i - 3 potions of agility {!q}
 j - a potion of berserk rage
 p - 2 potions of might {!q}
 u - a potion of resistance {!q}
 w - 3 potions of haste {!q}
 C - a potion of cure mutation {!q}
 I - a potion of ambrosia
 V - a potion of invisibility {!q}
Books
 F - a book of Alchemy
Comestibles
 f - 7 bread rations {!e}
 n - 2 slices of pizza
 s - 5 meat rations {!e}
 K - 2 royal jellies
 S - 6 beef jerkies


   Skills:
 * Level 4.0 Fighting
 - Level 11.2 Long Blades
   Level 1.0 Staves
 - Level 10.1 Crossbows
 + Level 7.9 Armour
 - Level 3.6 Stealth
   Level 1.1 Shields


You had 9 spell levels left.
You didn't know any spells.

Dungeon Overview and Level Annotations

Branches:
Dungeon (10/15)            Temple (1/1) D:6
   Lair: D:8-11         Orc: D:9-12

Altars:
Ashenzari
Cheibriados
Dithmenos
Elyvilon
Fedhas
Gozag
Kikubaaqudgha
Makhleb
Nemelex Xobeh
Okawaru
Qazlal
Ru
Sif Muna
Trog
Vehumet
Xom
Yredelemnul
Zin
The Shining One
Lugonu

Shops:
D:5 ([(?%   D:6 =

Annotations:
D:7 pUX: joseph!, Joseph
D:8 hidden area TL needs dig?


Innate Abilities, Weirdness & Mutations

You are resistant to damage.
You can recharge devices by infusing magical energy.
You passively map the area around you.
You do not heal naturally.


Message History

Unknown command.
Firing (i - inventory. (,) - cycle):
q - 41 bolts (quivered)
Press: ? - help, Shift-Dir - straight line, f - ogre
Aim: an ogre, wielding a giant spiked club (lightly wounded)
You shoot a bolt. The bolt completely misses the ogre.
Firing (i - inventory. (,) - cycle):
q - 40 bolts (quivered)
Press: ? - help, Shift-Dir - straight line, f/p - ogre
Aim: an ogre, wielding a giant spiked club (lightly wounded)
You shoot a bolt.
The bolt hits the ogre but does no damage.
The ogre is lightly wounded.
The Singing Sword hums in delight!
a - the +7 Singing Sword (weapon)
The ogre hits you with a giant spiked club!
Damage: 15 (max 15) Throwing (i - inventory. (,) - cycle):
Z - 354 stones (quivered)
Press: ? - help, Shift-Dir - straight line, f/p - ogre
Aim: an ogre, wielding a giant spiked club (lightly wounded)
You throw a stone.
The stone hits the ogre but does no damage.
The ogre is lightly wounded.
All of the chunks of flesh in your inventory have rotted away.
You completely miss the ogre.
The ogre is lightly wounded.
The ogre hits you with a giant spiked club!!
* * * LOW HITPOINT WARNING * * *
Damage: 16 (max 16) Unknown command.
You hit the ogre but do no damage.
The ogre is lightly wounded.
The ogre hits you with a giant spiked club.
* * * LOW HITPOINT WARNING * * *
Damage: 5 (max 16)
You closely miss the ogre.
The ogre is lightly wounded.
You slash the ogre!
The ogre is severely wounded.
The ogre closely misses you.
You barely miss the ogre.
The ogre is severely wounded.
The ogre hits you with a giant spiked club!
* * * LOW HITPOINT WARNING * * *
Damage: 9 (max 16) Unknown command.
You hit the ogre.
The ogre is almost dead.
You hit the ogre.
The ogre is almost dead.
The ogre hits you with a giant spiked club!!
You die...

*..######.......#
≈ ≈ ≈* ,
.........##....#
≈≈
..#.####.##.(#.#
* , , * #.##.<# *
* , * * ####.(# ,
, * , ,* #..# *
,* , , ###.(# , ,
,, ######...O# ,*
* #≈≈≈*#.##@# *
#######.##.#
#.#.....##.# * **
* #..........# *
############ , *
*


You could see an ogre.

Vanquished Creatures
  Pikel (D:7)
  An orc knight (Bailey)
  The ghost of HEYYEYAAE the Skirmisher, an experienced OpBe of Trog (D:4)
  A gargoyle (D:10)
  2 trolls
  Sigmund (D:5)
  A steam dragon (D:7)
  A hungry ghost (D:9)
  7 orc warriors
  A sky beast (D:7)
  2 slaves (D:7)
  3 phantoms
  A necrophage (D:8)
  6 ogres
  3 ice beasts
  An eye of draining (D:9)
  3 centaurs
  7 giant frogs
  5 killer bees (D:9)
  6 scorpions
  3 wights (D:5)
  2 centaur zombies
  4 crimson imps
  3 orc priests (D:4)
  5 jellies
  3 centaur skeletons
  2 hounds
  6 orc wizards
  A giant frog skeleton (D:9)
  5 worker ants
  An iguana (D:7)
  A hound zombie (D:6)
  A worker ant zombie (D:8)
  13 adders
  9 gnolls
  2 shadow imps
  2 oozes
  An adder zombie (D:5)
  4 worms
  An adder skeleton (D:4)
  6 giant geckos
  39 orcs
  3 ball pythons
  12 goblins
  12 hobgoblins
  12 jackals
  A quokka (D:4)
  31 bats
  4 giant cockroaches
  8 giant newts
  A jackal skeleton (D:7)
  A jackal zombie (D:8)
  15 kobolds
  18 rats
  A fungus (D:4)
287 creatures vanquished.

Notes
Turn   | Place    | Note
--------------------------------------------------------------
     0 | D:1      | Gorice the Deep Dwarf Wanderer began the quest for the Orb.
     0 | D:1      | Gorice set off with: a +2 scale mail, a +0 falchion, a scroll of teleportation {!r}, a +0 dagger, a wand of heal wounds (5) {!d}, a bread ration {!e}
     0 | D:1      | Reached XP level 1. HP: 19/19 MP: 1/1
   149 | D:1      | Reached skill level 1 in Long Blades
   261 | D:1      | Reached XP level 2. HP: 24/26 MP: 2/2
   529 | D:1      | Reached skill level 2 in Long Blades
   993 | D:1      | HP: 5/26 [gnoll (4)]
  1007 | D:1      | Reached XP level 3. HP: 14/32 MP: 3/3
  1072 | D:1      | You fall through a shaft!
  1127 | D:2      | Found a blossoming altar of Fedhas.
  1165 | D:2      | HP: 9/32 [hobgoblin (1)]
  1170 | D:2      | Reached skill level 3 in Long Blades
  1470 | D:2      | Found an iron altar of Okawaru.
  2132 | D:3      | HP: 9/32 [worm (3)]
  2137 | D:3      | Reached XP level 4. HP: 10/39 MP: 4/4
  2208 | D:3      | Found an opulent altar of Gozag.
  2322 | D:3      | HP: 9/39 [adder (1)]
  2324 | D:3      | Reached skill level 4 in Long Blades
  2774 | D:3      | Found a burning altar of Makhleb.
  2790 | D:3      | Reached XP level 5. HP: 39/45 MP: 5/5
  2791 | D:3      | Became a worshipper of Makhleb the Destroyer
  2871 | D:4      | Reached skill level 5 in Long Blades
  2961 | D:4      | Noticed HEYYEYAAE's ghost (experienced OpBe)
  3038 | D:4      | HP: 13/45 [jackal (2)]
  3119 | D:4      | Found a snail-covered altar of Cheibriados.
  3143 | D:4      | Acquired Makhleb's first power
  3150 | D:4      | HP: 12/45 [jackal (1)]
  3157 | D:4      | HP: 11/45 [giant gecko (1)]
  3427 | D:4      | Reached skill level 6 in Long Blades
  3427 | D:4      | Reached XP level 6. HP: 27/52 MP: 6/6
  3701 | D:4      | HP: 15/52 [orc priest/divine providence (10)]
  3702 | D:4      | HP: 3/52 [orc priest/divine providence (12)]
  3708 | D:4      | Reached skill level 7 in Long Blades
  3720 | D:5      | Entered Level 5 of the Dungeon
  3737 | D:5      | Found Qarchem's Food Emporium.
  3853 | D:5      | Found Ahuwi's Magic Scroll Shop.
  3858 | D:5      | Bought a scroll of identify for 26 gold pieces
  3903 | D:5      | HP: 15/52 [ogre/giant spiked club (11)]
  3907 | D:5      | HP: 6/52 [ogre/giant spiked club (9)]
  3930 | D:5      | HP: 11/52 [ogre/giant spiked club (20)]
  3940 | D:5      | Reached XP level 7. HP: 12/58 MP: 7/7
  4001 | D:5      | Acquired Makhleb's second power
  4035 | D:5      | Found Cuprah's Antique Weapon Shoppe.
  4127 | D:5      | Reached skill level 8 in Long Blades
  4203 | D:5      | Noticed an angel
  4280 | D:5      | Found a glowing silver altar of Zin.
  4281 | D:5      | Found a shimmering altar of Xom.
  4285 | D:5      | HP: 2/58 [ogre/giant spiked club (18)]
  4378 | D:5      | Found Pigekip's Antique Weapon Shoppe.
  4390 | D:5      | Found Fonameet's Armour Shop.
  4411 | D:5      | Bought a +1 cloak of poison resistance for 189 gold pieces
  4456 | D:5      | Reached skill level 9 in Long Blades
  4484 | D:4      | Killed HEYYEYAAE's ghost
  4484 | D:4      | Reached skill level 10 in Long Blades
  4484 | D:4      | Reached XP level 8. HP: 34/66 MP: 8/8
  4744 | D:5      | Noticed Sigmund
  4749 | D:5      | Acquired Makhleb's third power
  4763 | D:5      | Killed Sigmund
  4763 | D:5      | Reached skill level 11 in Long Blades
  5301 | D:6      | Reached skill level 2 in Crossbows
  5307 | D:6      | Gained mutation: You passively map the area around you. [Deep Dwarf growth]
  5307 | D:6      | Reached XP level 9. HP: 73/73 MP: 9/9
  5345 | D:6      | Found a staircase to the Ecumenical Temple.
  5443 | D:6      | Found an ancient bone altar of Kikubaaqudgha.
  5457 | D:6      | Found Vaclipoy's Jewellery Emporium.
  5527 | Temple   | Entered the Ecumenical Temple
  5690 | D:6      | Reached skill level 3 in Crossbows
  5909 | D:7      | Reached skill level 3 in Armour
  5952 | D:7      | Found a flagged portal.
  5961 | Bailey   | Entered a bailey
  6025 | Bailey   | Acquired Makhleb's fourth power
  6086 | Bailey   | Reached skill level 4 in Crossbows
  6143 | Bailey   | Noticed an orc knight
  6260 | Bailey   | HP: 11/73 [orc knight/bardiche (28)]
  6270 | Bailey   | Killed an orc knight
  6270 | Bailey   | Reached skill level 5 in Crossbows
  6270 | Bailey   | Reached skill level 4 in Armour
  6279 | Bailey   | Reached skill level 6 in Crossbows
  6321 | Bailey   | Reached skill level 5 in Armour
  6369 | Bailey   | Got a twisted cloak
  6380 | Bailey   | Identified the +1 cloak of the Six of Wands {rCorr} (You found it in a bailey)
  6546 | D:7      | HP: 13/73 [acid (4)]
  6581 | D:7      | HP: 12/73 [orc warrior/trident of flaming (12)]
  6600 | D:7      | HP: 16/73 [orc warrior/trident of flaming (2)]
  6652 | D:8      | Reached skill level 7 in Crossbows
  6770 | D:8      | Found a sparkling altar of Nemelex Xobeh.
  6863 | D:8      | Found a white marble altar of Elyvilon.
  7796 | D:7      | Found a sacrificial altar of Ru.
  7925 | D:7      | Reached XP level 10. HP: 74/80 MP: 10/10
  7969 | D:7      | Reached skill level 8 in Crossbows
  8066 | D:7      | Reached skill level 6 in Armour
  8068 | D:7      | HP: 22/80 [orc warrior/glaive (15)]
  8073 | D:7      | HP: 21/80 [something (1)]
  8104 | D:7      | HP: 23/80 [troll (2)]
  8184 | D:6      | Acquired Makhleb's fifth power
  8274 | D:6      | Bought an uncursed ring of ice for 300 gold pieces
  8329 | D:7      | Found an opulent altar of Gozag.
  8356 | D:6      | Found a sparkling altar of Nemelex Xobeh.
  8395 | D:7      | HP: 21/80 [orc warrior/trident of flaming (7)]
  8403 | D:7      | Noticed Pikel
  8405 | D:7      | HP: 23/80 [slave[Pikel] (3)]
  8411 | D:7      | Killed Pikel
  8411 | D:7      | Reached skill level 9 in Crossbows
  8496 | D:7      | Noticed Joseph
  8499 | D:7      | HP: 23/80 [Joseph/sling bullet (5)]
  8500 | D:7      | HP: 8/80 [Joseph/sling bullet (6)]
  8723 | D:9      | Reached skill level 7 in Armour
  8847 | D:9      | Reached skill level 10 in Crossbows
  9009 | D:9      | Reached skill level 2 in Fighting
  9047 | D:9      | Found a stormy altar of Qazlal.
  9047 | D:9      | Found a bloodstained altar of Trog.
  9474 | D:10     | Entered Level 10 of the Dungeon
  9534 | D:10     | Reached skill level 3 in Fighting
  9587 | D:10     | Noticed a sea snake
  9778 | D:10     | Noticed a hill giant
  9781 | D:10     | Reached skill level 4 in Fighting
  9882 | D:10     | HP: 22/85 [ogre/giant spiked club (16)]
  9886 | D:10     | HP: 8/85 [ogre/giant spiked club (9)]
  9888 | D:10     | Demolished by an ogre

Vault maps used:
D:1:      dpeg_arrival_chambers_temple_mockup
D:2:      lemuel_crystal_altar, okawaru_gym_becter
D:3:      makhleb_grotto_becter, nicolae_gozag_seed_capital, first_bread
D:4:      old_forge, cheibriados_altar_1
D:5:      kennysheep_six_static_rooms, grunt_temple_overflow_order_and_chaos_1,
          serial_shops, kennysheep_little_box, shop, shop, shop, shop,
          uniq_sigmund
D:6:      lemuel_upstairs_altar, lemuel_crystal_altar, minmay_temple_entry_grid,
          serial_shops, nicolae_shop_temple_entry_statues_fountains
D:7:      nicolae_ru_path_of_blood, enter_bailey_2, basic_altar, uniq_pikel,
          uniq_joseph
D:8:      overflow_temple_1_default, lemuel_crystal_altar, grunt_ogre_cave
D:9:      gammafunk_temple_overflow_elements
D:10:     serial_aquarium, aquarium_bridge_straight, aquarium_bridge_square,
          aquarium_window_fake, aquarium_window_fake, aquarium_window_fake,
          aquarium_view_2c, aquarium_balcony_3a, aquarium_pool_S
Temple:   corrupted_temple
Bailey:   bailey_polearm_1, bailey

Action                   |  1- 3 |  4- 6 |  7- 9 | 10-12 || total
-------------------------+-------+-------+-------+-------++-------
Melee: Falchion          |   123 |   217 |       |       ||   340
       Hand axe          |   129 |       |       |       ||   129
       Short sword       |       |     8 |       |       ||     8
       Dagger            |       |     7 |     2 |       ||     9
       Double sword      |       |    29 |   152 |   149 ||   330
 Fire: Arbalest          |       |       |   140 |   100 ||   240
       Blowgun           |       |       |    25 |       ||    25
Throw: Stone             |    22 |    18 |    16 |     5 ||    61
Invok: Minor Destruction |       |       |    24 |       ||    24
 Abil: Device Recharging |       |       |       |     1 ||     1
Evoke: Wand              |     2 |     4 |    13 |     1 ||    20
  Use: Scroll            |     9 |     6 |     5 |     8 ||    28
       Potion            |       |       |     1 |     2 ||     3
 Stab: Sleeping          |     5 |     1 |     3 |       ||     9
       Held in net/web   |       |     1 |       |       ||     1
       Distracted        |       |       |       |     1 ||     1
  Eat: Chunk             |     4 |     6 |    31 |     9 ||    50

Table legend:
 A = Turns spent in this place as a percentage of turns spent in the entire game.
 B = Non-inter-level travel turns spent in this place as a percentage of non-inter-level travel turns spent in the entire game.
 C = Inter-level travel turns spent in this place as a percentage of turns spent in this place.
 D = Turns resting spent in this place as a percentage of non-inter-level travel turns spent in this place.
 E = Turns spent auto-exploring this place as a percentage of non-inter-level travel turns spent in this place.
 F = Non-inter-level travel turns spent in this place divided by the number of levels of this place that you've seen.
                   A       B       C       D       E      F
               +-------+-------+-------+-------+-------+----------------------
         Total | 100.0 | 100.0 |   0.4 |   0.4 |   4.1 | 413.6
       Dungeon |  89.6 |  89.5 |   0.4 |   0.5 |   4.4 | 444.3
        Temple |   0.9 |   0.9 |   0.0 |   0.0 |   6.4 |  47.0
        Bailey |   9.5 |   9.5 |   0.0 |   0.0 |   0.4 | 473.0
               +-------+-------+-------+-------+-------+----------------------

Vault maps used:
D:1:      dpeg_arrival_chambers_temple_mockup
D:2:      lemuel_crystal_altar, okawaru_gym_becter
D:3:      makhleb_grotto_becter, nicolae_gozag_seed_capital, first_bread
D:4:      old_forge, cheibriados_altar_1
D:5:      kennysheep_six_static_rooms, grunt_temple_overflow_order_and_chaos_1,
          serial_shops, kennysheep_little_box, shop, shop, shop, shop,
          uniq_sigmund
D:6:      lemuel_upstairs_altar, lemuel_crystal_altar, minmay_temple_entry_grid,
          serial_shops, nicolae_shop_temple_entry_statues_fountains
D:7:      nicolae_ru_path_of_blood, enter_bailey_2, basic_altar, uniq_pikel,
          uniq_joseph
D:8:      overflow_temple_1_default, lemuel_crystal_altar, grunt_ogre_cave
D:9:      gammafunk_temple_overflow_elements
D:10:     serial_aquarium, aquarium_bridge_straight, aquarium_bridge_square,
          aquarium_window_fake, aquarium_window_fake, aquarium_window_fake,
          aquarium_view_2c, aquarium_balcony_3a, aquarium_pool_S
Temple:   corrupted_temple
Bailey:   bailey_polearm_1, bailey
